 Dungeon Crawl Stone Soup version 0.28-a0-620-g539b0f7ac7 (webtiles) character file.

Game seed: 9281305212146208360

121 ytrimaz the Chopper (level 5, -2/47 HPs)
             Began as a Hill Orc Monk on Oct 6, 2021.
             Succumbed to a gnoll's poison
             ... on level 2 of the Dungeon.
             The game lasted 00:07:38 (3367 turns).

ytrimaz the Chopper (Hill Orc Monk)                 Turns: 3367, Time: 00:07:38

Health: -2/47      AC:  5    Str: 17    XL:     5   Next: 5%
Magic:  5/5        EV: 12    Int: 10    God:
Gold:   6          SH:  0    Dex: 11    Spells: 4/4 levels left

rFire   . . .      SeeInvis .   a - +0 hand axe
rCold   + . .      Faith    .   (no shield)
rNeg    + . .      Spirit   .   c - +2 leather armour of Capuvaly {+Blink +Inv rC+ rN+}
rPois   .          Reflect  .   (no helmet)
rElec   .          Harm     .   (no cloak)
rCorr   .          Rampage  .   (no gloves)
Will    .....                   (no boots)
Stlth   +.........              (no amulet)
HPRegen 0.15/turn               (no ring)
MPRegen 0.09/turn               (no ring)

@: mighty, lethally poisoned (-2 -> -14)
A: clumsy 1, strong 1
a: Evoke Blink, Evoke Invisibility


You were on level 2 of the Dungeon.
You visited 1 branch of the dungeon, and saw 2 of its levels.

You collected 174 gold pieces.
You spent 168 gold pieces at shops.

Inventory:

Hand Weapons
 a - a +0 hand axe (weapon)
Armour
 c - the +2 leather armour of Capuvaly (worn) {+Blink +Inv rC+ rN+}
   (You bought it in a shop on level 1 of the Dungeon)

   rC:        It protects you from cold.
   rN:        It protects you from negative energy.
   +Inv:      It lets you turn invisible.
   +Blink:    It lets you blink.
Scrolls
 e - a scroll of enchant armour


   Skills:
 + Level 4.3 Fighting
 + Level 5.2 Axes
 * Level 2.1 Armour
 + Level 3.2 Dodging
 - Level 1.5 Stealth


You had 4 spell levels left.
You didn't know any spells.
Your spell library contained the following spells:

 Spells                   Type           Power      Damage    Failure   Level
 Blade Hands              Tmut           0%         N/A       100%        5
 Irradiate                Conj/Tmut      0%         3d13      100%        5
 Dragon Form              Tmut           0%         N/A       100%        7


Dungeon Overview and Level Annotations

Branches:
Dungeon (2/15)

Altars:

Shops:
D:1 [:[[?


Innate Abilities, Weirdness & Mutations

You are clumsy. (Dex -2)
Your muscles are strong. (Str +2)


Message History

You kill the gnoll!
Your Armour skill increases to level 2!
Unknown command.
A gnoll is nearby!
A gnoll is nearby!
The gnoll shouts!
The gnoll completely misses you.
Unknown command.
Found a scroll labelled JAN RUTUCENOE.
Okay, then.
It was a potion of mutation.
You feel extremely strange.
You feel stronger.
You feel clumsy.
The gnoll hits you with a +1 spear of venom.
You are poisoned.
It was a potion of might.
You feel very mighty all of a sudden.
You feel very sick. The gnoll barely misses you.
You slash the gnoll!
The gnoll is severely wounded.
You feel sick. The gnoll closely misses you.
You hit the gnoll.
The gnoll is almost dead.
You feel sick.
The gnoll hits you with a +1 spear of venom.
* * * LOW HITPOINT WARNING * * *
You are lethally poisoned!
You hit the gnoll.
You kill the gnoll!
* * * LOW HITPOINT WARNING * * *
You feel very sick.
You have reached level 5!
You feel stronger.
You aren't carrying any potions.
Unknown command.
Okay, then.
You aren't carrying any potions.
* * * LOW HITPOINT WARNING * * *
You feel very sick.
You die...

#...#.#........#
##.##.#........#
#..#†####.....#
##.#.# #.....#
#...# #.....#
##..# #.....#
####).# #######
#....># #@#####
#?# #.# ..# ###


There were no monsters in sight!

Vanquished Creatures
  An adder (D:2)
  7 gnolls
  2 dart slugs (D:1)
  2 bats
  5 endoplasms
  A giant cockroach (D:1)
  4 hobgoblins
  3 jackals (D:1)
  4 quokkas
  4 ball pythons
  A frilled lizard (D:1)
  3 goblins
  4 kobolds
  A rat (D:2)
42 creatures vanquished.

Notes
Turn   | Place    | Note
-------+----------+-------------------------------------------
     0 | D:1      | ytrimaz the Hill Orc Monk began the quest for the Orb.
     0 | D:1      | Reached XP level 1. HP: 19/19 MP: 1/1
    37 | D:1      | Found Peshal's Armour Shoppe.
    38 | D:1      | Found Suoca's Book Shoppe.
    85 | D:1      | Reached XP level 2. HP: 17/27 MP: 2/2
   822 | D:1      | Found Inlano's Magic Scroll Boutique.
   852 | D:1      | Found Pietid's Antique Armour Emporium.
   875 | D:1      | Found Gorph's Armour Shop.
  1192 | D:1      | Reached skill level 1 in Armour
  1272 | D:1      | Reached XP level 3. HP: 33/33 MP: 3/3
  1898 | D:1      | Reached XP level 4. HP: 5/40 MP: 4/4
  2286 | D:2      | Reached skill level 5 in Axes
  3186 | D:1      | Bought a faintly glowing leather armour for 168 gold pieces
  3186 | D:1      | Identified the +2 leather armour of Capuvaly {+Blink +Inv
                  | rC+ rN+} (You bought it in a shop on level 1 of the
                  | Dungeon)
  3254 | D:2      | Found a faded altar of an unknown god.
  3360 | D:2      | Gained mutation: Your muscles are strong. (Str +2) [potion
                  | of mutation]
  3360 | D:2      | Gained mutation: You are clumsy. (Dex -2) [potion of
                  | mutation]
  3366 | D:2      | Reached XP level 5. HP: 3/47 MP: 5/5
  3366 | D:2      | HP: 1/47 [poisoned by a gnoll]
  3367 | D:2      | Succumbed to a gnoll's poison

Illustrated notes

Levels and vault maps discovered:
D:1:      minmay_arrival_diagonal_passages, layout_loops_corners, serial_shops,
          shop, shop, nicolae_square_shop, shop_statue, shop_coins,
          minmay_misc_feat_enclosed
D:2:      layout_basic, hellmonk_ecumenical_altar_leap_of_faith, uniq_natasha

Skill      XL: |  1  2  3  4 |
---------------+-------------+-----
Fighting       | 4 |  4.3
Armour         | 1 2 |  2.1
Axes           | 5 |  5.2
Dodging        | 3 |  3.2
Stealth        | |  1.5

Action                   |  1- 3 |  4- 6 || total
-------------------------+-------+-------++-------
Melee: Hand axe          |    73 |    62 ||   135
 Abil: Evoke Blink       |       |     1 ||     1
  Use: Potion            |     2 |     4 ||     6
       Scroll            |     2 |       ||     2
 Stab: Sleeping          |     2 |       ||     2
Armor: Robe              |    28 |    10 ||    38
       Skin              |       |    32 ||    32
       Leather armour    |       |     1 ||     1
Dodge: Dodged            |    84 |    39 ||   123

Table legend: (Time is in decaauts)
 A = Elapsed time spent in this place.
 B = Non-inter-level travel time spent in this place.
 C = Inter-level travel time spent in this place.
 D = Time resting spent in this place.
 E = Time spent auto-exploring this place.
 F = Levels seen in this place.
 G = Mean time per level.
                   A        B        C        D        E       F      G
               +--------+--------+--------+--------+--------+-----+--------+
         Total |   3402 |   3189 |    213 |    843 |   1758 |   2 | 1701.0 |
       Dungeon |   3402 |   3189 |    213 |    843 |   1758 |   2 | 1701.0 |
               +--------+--------+--------+--------+--------+-----+--------+

Top non-repeatable levels by time:
     D:1: 2361 daAuts
     D:2: 1041 daAuts
